 Dungeon Crawl Stone Soup version 0.28.0 (webtiles) character file.

Game seed: 11489610368307487091

135 mortz the Firebug (level 4, -8/33 HPs)
             Began as a Draconian Fire Elementalist on Feb 16, 2022.
             Killed from afar by an orc wizard (11 damage)
             ... with a puff of flame
             ... on level 2 of the Dungeon.
             The game lasted 00:20:51 (2818 turns).

mortz the Firebug (Draconian Fire Elementalist)     Turns: 2818, Time: 00:20:52

Health: -8/33      AC:  5    Str: 10    XL:     4   Next: 97%
Magic:  7/8        EV: 12    Int: 17    God:
Gold:   110        SH:  0    Dex: 12    Spells: 6/9 levels left

rFire   . . .      SeeInvis .   i - +0 short sword
rCold   . . .      Faith    .   (no shield)
rNeg    . . .      Spirit   .   (armour unavailable)
rPois   .          Reflect  .   (helmet restricted)
rElec   .          Harm     .   (no cloak)
rCorr   .          Rampage  .   (no gloves)
Will    .....                   (no boots)
Stlth   +.........              (no amulet)
HPRegen 0.11/turn               (no ring)
MPRegen 0.11/turn               (no ring)

@: confused
A: AC +5, unfitting armour, cold-blooded
a: no special abilities


You were on level 2 of the Dungeon.
You visited 1 branch of the dungeon, and saw 3 of its levels.

You collected 110 gold pieces.

Inventory:

Hand Weapons
 d - a +0 dagger
 i - a +0 short sword (weapon)
Missiles
 o - a throwing net
Jewellery
 a - an amulet of guardian spirit
 n - a ring of ice
Scrolls
 b - a scroll of fog
 g - a scroll of silence
 j - a scroll of vulnerability
Potions
 c - a potion of lignification
 e - a potion of might
 h - a potion of magic {unknown}
 k - a potion of heal wounds {unknown}
 l - a potion of attraction {unknown}
 m - a potion of curing {unknown}


   Skills:
 + Level 0.1 Fighting
 + Level 1.2 Short Blades
 + Level 2.0 Dodging
 + Level 2.3 Stealth
 + Level 3.0 Spellcasting
 + Level 1.9 Conjurations
 + Level 4.0 Fire Magic


You had 6 spell levels left.
You knew the following spells:

 Your Spells              Type           Power      Damage    Failure   Level
a - Foxfire               Conj/Fire      48%        2x1d6     5%          1
b - Scorch                Fire           32%        2d6       4%          2

Your spell library contained the following spells:

 Spells                   Type           Power      Damage    Failure   Level
 Conjure Flame            Conj/Fire      12%        6-21      16%         3
 Inner Flame              Hex/Fire       9%         N/A       22%         3
 Flame Wave               Conj/Fire      12%        2d6       45%         4


Dungeon Overview and Level Annotations

Branches:
Dungeon (3/15)

Altars:
Qazlal

Shops:
D:3 (


Innate Abilities, Weirdness & Mutations

Your plain brown scales are hard. (AC +5)
You cannot fit into any form of body armour.
You are cold-blooded and may be slowed by cold attacks.


Message History

There is a stone staircase leading down here.
You start resting.
Something hits you but does no damage.
Deactivating autopickup; reactivate with Ctrl-A.
You miss something.
You hear some strange, mumbled words.
A magic dart appears from out of thin air!
The magic dart hits you.
* * * LOW HITPOINT WARNING * * *
You miss something.
You hear some strange, mumbled words.
A magic dart appears from out of thin air!
The magic dart hits you.
* * * LOW HITPOINT WARNING * * *
You closely miss something. Something hits you but does no damage.
You barely miss something. Something hits you but does no damage.
You hit something.
You hear some strange, mumbled words.
Something tries to affect you, but you resist.
You miss something.
You hear some strange, mumbled words.
You are confused.
Something hits you.
* * * LOW HITPOINT WARNING * * *
You bump into the rock wall.
You hear some strange, mumbled words.
Something tries to affect you, but you resist.
You're too confused to move!
You hear some strange, mumbled words.
You are more confused.
You completely miss something. Something hits you.
* * * LOW HITPOINT WARNING * * *
You bump into the rock wall.
An orc wizard appears from thin air!
Reactivating autopickup.
The orc wizard hits you with a +0 dagger.
* * * LOW HITPOINT WARNING * * *
You miss the orc wizard.
The orc wizard is almost dead.
The orc wizard gestures at you while chanting.
The puff of flame hits you!
You die...

####.#.###................# #.
#.#.# #.#############.#####.
#.#.# #.# #............. #.#.#
#.# #.###########. #.#.# #.# #>#
######.. #.#.###.##### #.#
#....... #.#......<..# #.#
#.'##### #.#####.###o# #(#
#.#.†..† #.......# #@# #.#
#.#.'### ######### #.# #.#
#.#.#... #############
#.###.#####.#.#.##
............####...........#.#.##
###########..........#####.#.#...
############ #.#.+### #.#.....
#.'##### #.......


You could see an orc wizard.

Vanquished Creatures
  A gnoll shaman (D:3)
  3 adders
  4 gnolls (D:3)
  A worm (D:3)
  An orc (D:3)
  3 bats
  2 endoplasms (D:2)
  A giant cockroach (D:3)
  3 goblins
  5 hobgoblins
  4 jackals (D:2)
  A quokka (D:3)
  3 ball pythons
  A frilled lizard (D:3)
  5 kobolds
  4 rats
42 creatures vanquished.

Vanquished Creatures (others)
  134 foxfires
134 creatures vanquished.

Grand Total: 176 creatures vanquished

Notes
Turn   | Place    | Note
-------+----------+-------------------------------------------
     0 | D:1      | mortz the Draconian Fire Elementalist began the quest for
                  | the Orb.
     0 | D:1      | Reached XP level 1. HP: 14/14 MP: 3/3
   403 | D:1      | Reached XP level 2. HP: 20/20 MP: 3/5
   462 | D:1      | Found a faded altar of an unknown god.
   662 | D:1      | Learned a level 2 spell: Scorch
   747 | D:2      | Found a stormy altar of Qazlal.
  1185 | D:2      | Reached XP level 3. HP: 26/26 MP: 2/6
  1844 | D:3      | Found Nithusos's Weapon Emporium.
  1957 | D:3      | Reached XP level 4. HP: 33/33 MP: 5/8
  1996 | D:3      | Reached skill level 1 in Short Blades
  2596 | D:3      | Reached skill level 4 in Fire Magic
  2818 | D:2      | Killed from afar by an orc wizard

Illustrated notes

Levels and vault maps discovered:
D:1:      co_arrival_square_in_a_square_in_a_square, layout_rooms,
          ebering_ecumenical_altar_ruins
D:2:      layout_loops_ring, basic_altar, minivault_11
D:3:      mumra_celtic_spiral_tile, layout_basic, mainiacjoe_overflow_boulevard,
          serial_shops, nicolae_shop_bloodbath_and_beyond

Skill      XL: |  1  2  3  4 |
---------------+-------------+-----
Stealth        | 2 |  2.3
Short Blades   | 1 |  1.2
Dodging        | 2 |  2.0
Spellcasting   | 3 |  3.0
Fire Magic     | 4 |  4.0
Fighting       | |  0.1
Conjurations   | |  1.9

Action                   |  1- 3 |  4- 6 || total
-------------------------+-------+-------++-------
Melee: Dagger            |    14 |       ||    14
       Tailslap          |     3 |     1 ||     4
       Short sword       |    13 |    21 ||    34
 Cast: Foxfire           |    46 |    31 ||    77
  Use: Scroll            |       |     5 ||     5
Armor: Skin              |     6 |     6 ||    12
Dodge: Dodged            |    26 |    20 ||    46
